3L
TOLEDO STINGERS @ PANAMA CITY PIRANHAS
08/09/2042
 
TOP OF THE 1ST
Toledo Stingers batting - Pitching for Panama City Piranhas : RHP Dylan Grandjean
Pitching: RHP Dylan Grandjean
Batting: LHB Lester Threlfall 0-0: Ground out 1-3 (Groundball, P, EV 79.4 MPH)
Batting: LHB Matt Dunlap 0-0: Ball
1-0: Ball
2-0: Called Strike
2-1: Called Strike
2-2: Ball
3-2: Ground out 6-3 (Groundball, 6, EV 96.9 MPH)
Batting: RHB Baldomero Avino 0-0: Ball
1-0: Foul Ball, location: 2F
1-1: Foul Ball, location: 2F
1-2: SINGLE (Flyball, 9LS, EV 92.5 MPH)
Batting: LHB Pedro Serano 0-0: Called Strike
0-1: Ball
1-1: DOUBLE (Flyball, 78D, EV 107.5 MPH)
Baldomero Avino to third
Batting: SHB Adam Clements 0-0: Called Strike
0-1: Called Strike
0-2: Strikes out swinging
Top of the 1st over - 0 runs, 2 hits, 0 errors, 2 left on base; Toledo 0 - Panama City 0
BOTTOM OF THE 1ST
Panama City Piranhas batting - Pitching for Toledo Stingers : LHP Craig Fitzgerald
Pitching: LHP Craig Fitzgerald
Batting: LHB Oasiz Wiesblatt 0-0: Ball
1-0: Called Strike
1-1: Ball
2-1: Ball
3-1: Called Strike
3-2: Base on Balls
Batting: RHB Cleveland Kraut 0-0: Swinging Strike
0-1: Swinging Strike
0-2: Foul Ball, location: 2F
0-2: Grounds into double play, 1-4-3 (Groundball, P, EV 76.2 MPH)
Batting: RHB Blaze Alexander 0-0: Ball
1-0: Called Strike
1-1: Foul Ball, location: 2F
1-2: Ball
2-2: Strikes out looking
Bottom of the 1st over - 0 runs, 0 hits, 0 errors, 0 left on base; Toledo 0 - Panama City 0
TOP OF THE 2ND
Toledo Stingers batting - Pitching for Panama City Piranhas : RHP Dylan Grandjean
Batting: RHB Anselmo Berneu 0-0: Ball
1-0: Called Strike
1-1: SINGLE (Groundball, 4MD, EV 100.6 MPH)
Batting: RHB Jesse Garrett 0-0: Ball
1-0: Foul Ball, location: 2F
1-1: Ball
2-1: Foul Ball, location: 2F
2-2: Foul Ball, location: 2F
2-2: Ball
3-2: Foul Ball, location: 2F
3-2: Foul Ball, location: 2F
3-2: 2-RUN HOME RUN (Flyball, 7D, EV 100.0 MPH), Distance : 385 ft
Batting: LHB Snow Wang 0-0: Ball
1-0: Swinging Strike
1-1: Foul Ball, location: 2F
1-2: Ball
2-2: Foul Ball, location: 2F
2-2: Strikes out swinging
Batting: RHB Dean Bush 0-0: Ball
1-0: Foul Ball, location: 2F
1-1: Fly out, F8 (Flyball, 8RXD, EV 86.9 MPH)
Batting: LHB Lester Threlfall 0-0: Called Strike
0-1: Ground out 1-3 (Groundball, 15, EV 89.4 MPH)
Top of the 2nd over - 2 runs, 2 hits, 0 errors, 0 left on base; Toledo 2 - Panama City 0
BOTTOM OF THE 2ND
Panama City Piranhas batting - Pitching for Toledo Stingers : LHP Craig Fitzgerald
Batting: RHB Carsello Scruggins 0-0: Foul Ball, location: 2F
0-1: Ball
1-1: Ball
2-1: Foul Ball, location: 2F
2-2: Ground out 4-3 (Groundball, 4M, EV 91.9 MPH)
Batting: LHB Ji-e Loh 0-0: Swinging Strike
0-1: Foul Ball, location: 2F
0-2: Ball
1-2: Strikes out looking
Batting: RHB Silvian Burger 0-0: Ground out 5-3 (Groundball, 5, EV 83.1 MPH)
Bottom of the 2nd over - 0 runs, 0 hits, 0 errors, 0 left on base; Toledo 2 - Panama City 0
TOP OF THE 3RD
Toledo Stingers batting - Pitching for Panama City Piranhas : RHP Dylan Grandjean
Batting: LHB Matt Dunlap 0-0: Swinging Strike
0-1: Ball
1-1: Ball
2-1: Swinging Strike
2-2: Strikes out looking
Batting: RHB Baldomero Avino 0-0: Called Strike
0-1: Ball
1-1: Swinging Strike
1-2: Foul Ball, location: 2F
1-2: Hit by Pitch
Batting: LHB Pedro Serano 0-0: Foul Ball, location: 2F
0-1: Fly out, F7 (Flyball, 7, EV 90.0 MPH)
Batting: SHB Adam Clements 0-0: Foul Ball, location: 2F
0-1: Foul Ball, location: 2F
0-2: Ball
1-2: Ball
2-2: Fly out, F6 (Popup, P, EV 90.0 MPH)
Top of the 3rd over - 0 runs, 0 hits, 0 errors, 1 left on base; Toledo 2 - Panama City 0
BOTTOM OF THE 3RD
Panama City Piranhas batting - Pitching for Toledo Stingers : LHP Craig Fitzgerald
Batting: LHB Hugh Hill 0-0: Ball
1-0: Fly out, F4 (Popup, 4D, EV 73.8 MPH)
Batting: RHB Luke Thornton 0-0: Ball
1-0: Fly out, F4 (Line Drive, 4, EV 73.1 MPH)
Batting: RHB Hyeon-cheong Kim 0-0: Foul Ball, location: 2F
0-1: Ball
1-1: Ball
2-1: SINGLE (Groundball, 4MD, EV 104.4 MPH)
Batting: LHB Oasiz Wiesblatt 0-0: Called Strike
0-1: Foul Ball, location: 2F
0-2: Foul Ball, location: 2F
0-2: Fly out, F7 (Flyball, 7, EV 84.4 MPH)
Bottom of the 3rd over - 0 runs, 1 hit, 0 errors, 1 left on base; Toledo 2 - Panama City 0
TOP OF THE 4TH
Toledo Stingers batting - Pitching for Panama City Piranhas : RHP Dylan Grandjean
Batting: RHB Anselmo Berneu 0-0: Ball
1-0: Ball
2-0: Ground out 5-3 (Groundball, 56, EV 88.8 MPH)
Batting: RHB Jesse Garrett 0-0: Called Strike
0-1: Foul Ball, location: 2F
0-2: Ball
1-2: Ball
2-2: DOUBLE (Groundball, 5L, EV 103.1 MPH)
Batting: LHB Snow Wang 0-0: Called Strike
0-1: Ball
1-1: Ball
2-1: Ground out U3 (Groundball, 34, EV 83.1 MPH)
Jesse Garrett to third
Batting: RHB Dean Bush 0-0: Ground out 5-3 (Groundball, 56, EV 81.2 MPH)
Top of the 4th over - 0 runs, 1 hit, 0 errors, 1 left on base; Toledo 2 - Panama City 0
BOTTOM OF THE 4TH
Panama City Piranhas batting - Pitching for Toledo Stingers : LHP Craig Fitzgerald
Batting: RHB Cleveland Kraut 0-0: Called Strike
0-1: Swinging Strike
0-2: Strikes out looking
Batting: RHB Blaze Alexander 0-0: Called Strike
0-1: Called Strike
0-2: Ground out 6-3 (Groundball, 56, EV 80.6 MPH)
Batting: RHB Carsello Scruggins 0-0: Fly out, F7 (Flyball, 7, EV 85.0 MPH)
Bottom of the 4th over - 0 runs, 0 hits, 0 errors, 0 left on base; Toledo 2 - Panama City 0
TOP OF THE 5TH
Toledo Stingers batting - Pitching for Panama City Piranhas : RHP Dylan Grandjean
Batting: LHB Lester Threlfall 0-0: Ball
1-0: Called Strike
1-1: Swinging Strike
1-2: Fly out, F7 (Flyball, 7D, EV 103.1 MPH)
Batting: LHB Matt Dunlap 0-0: Ball
1-0: Foul Ball, location: 2F
1-1: Ball
2-1: Ball
3-1: Foul Ball, location: 2F
3-2: Base on Balls
Batting: RHB Baldomero Avino 0-0: Ball
1-0: Ball
2-0: Foul Ball, location: 2F
2-1: Foul Ball, location: 2F
2-2: Foul Ball, location: 2F
2-2: Ball
3-2: Base on Balls
Matt Dunlap to second
Batting: LHB Pedro Serano 0-0: Ball
Baldomero Avino steals 2nd base
Matt Dunlap steals 3rd base
1-0: Foul Ball, location: 2F
1-1: Foul Ball, location: 2F
1-2: Strikes out swinging
Batting: SHB Adam Clements 0-0: Ball
1-0: Ground out 4-3 (Groundball, 4, EV 81.2 MPH)
Top of the 5th over - 0 runs, 0 hits, 0 errors, 2 left on base; Toledo 2 - Panama City 0
BOTTOM OF THE 5TH
Panama City Piranhas batting - Pitching for Toledo Stingers : LHP Craig Fitzgerald
Batting: LHB Ji-e Loh 0-0: Ball
1-0: Foul Ball, location: 2F
1-1: Ball
2-1: Ground out 6-3 (Groundball, 6, EV 100.0 MPH)
Batting: RHB Silvian Burger 0-0: Ball
1-0: Ball
2-0: Ball
3-0: Called Strike
3-1: Ground out 4-3 (Groundball, 4, EV 91.9 MPH)
Batting: LHB Hugh Hill 0-0: Ball
1-0: Ball
2-0: Ball
3-0: Called Strike
3-1: Base on Balls
Batting: RHB Luke Thornton 0-0: Called Strike
0-1: Ball
1-1: SINGLE (Groundball, 6D, EV 96.9 MPH)
Hugh Hill to second
Batting: RHB Hyeon-cheong Kim 0-0: Ball
1-0: Ball
2-0: SINGLE (Groundball, 6, EV 106.9 MPH) (infield hit)
Hugh Hill to third
Luke Thornton to second
Batting: LHB Oasiz Wiesblatt 0-0: Foul Ball, location: 2F
0-1: Foul Ball, location: 2F
0-2: Ball
1-2: Ball
2-2: SINGLE (Flyball, 7LS, EV 96.9 MPH)
Hugh Hill scores
Luke Thornton to third
Hyeon-cheong Kim to second
Runner from 3rd tries for Home, SAFE, throw by LF to home
Batting: RHB Cleveland Kraut 0-0: Ball
1-0: Ball
2-0: SINGLE (Line Drive, 6D, EV 94.4 MPH)
Hyeon-cheong Kim to third
Oasiz Wiesblatt to second
Runner from 3rd tries for Home, SAFE, throw by CF to home
Batting: RHB Blaze Alexander 0-0: Ball
1-0: Called Strike
1-1: SINGLE (Groundball, 56D, EV 99.4 MPH)
Oasiz Wiesblatt to third
Cleveland Kraut to second
Runner from 3rd tries for Home, SAFE, throw by LF to home
Batting: RHB Carsello Scruggins 0-0: Foul Ball, location: 2F
0-1: Ball
1-1: Ball
2-1: Ball
3-1: 3-RUN HOME RUN (Flyball, 7D, EV 94.4 MPH), Distance : 366 ft
Pitching: RHP Stu Riley
Batting: LHB Ji-e Loh 0-0: Swinging Strike
0-1: Ball
1-1: Ball
2-1: Ground out U3 (Groundball, 3L, EV 89.4 MPH)
Bottom of the 5th over - 7 runs, 6 hits, 0 errors, 0 left on base; Toledo 2 - Panama City 7
TOP OF THE 6TH
Toledo Stingers batting - Pitching for Panama City Piranhas : RHP Dylan Grandjean
Batting: RHB Anselmo Berneu 0-0: Ball
1-0: Ball
2-0: Ball
3-0: Called Strike
3-1: Foul Ball, location: 2F
3-2: Strikes out swinging
Batting: RHB Jesse Garrett 0-0: Foul Ball, location: 2F
0-1: Ball
1-1: Foul Ball, location: 2F
1-2: Foul Ball, location: 2F
1-2: Strikes out swinging
Batting: LHB Snow Wang 0-0: Ball
1-0: Called Strike
1-1: Foul Ball, location: 2F
1-2: Ball
2-2: Strikes out swinging
Top of the 6th over - 0 runs, 0 hits, 0 errors, 0 left on base; Toledo 2 - Panama City 7
BOTTOM OF THE 6TH
Panama City Piranhas batting - Pitching for Toledo Stingers : RHP Stu Riley
Batting: RHB Silvian Burger 0-0: Swinging Strike
0-1: Called Strike
0-2: Foul Ball, location: 2F
0-2: Ball
1-2: Strikes out swinging
Batting: LHB Hugh Hill 0-0: Ball
1-0: Ball
2-0: Ball
3-0: Base on Balls
Batting: RHB Luke Thornton 0-0: Ball
1-0: Ball
2-0: 2-RUN HOME RUN (Flyball, 78XD, EV 94.4 MPH), Distance : 417 ft
Batting: RHB Hyeon-cheong Kim 0-0: Called Strike
0-1: Called Strike
0-2: Ball
1-2: Ball
2-2: Foul Ball, location: 2F
2-2: Strikes out swinging, 2-3 out at first.
Batting: LHB Oasiz Wiesblatt 0-0: Called Strike
0-1: Ball
1-1: Foul Ball, location: 2F
1-2: Ball
2-2: Foul Ball, location: 2F
2-2: Foul Ball, location: 2F
2-2: Ball
3-2: SINGLE (Flyball, 8LS, EV 89.4 MPH)
Batting: RHB Cleveland Kraut 0-0: Ball
1-0: Called Strike
1-1: Called Strike
1-2: Foul Ball, location: 2F
1-2: Ball
2-2: Foul Ball, location: 2F
2-2: Strikes out swinging
Bottom of the 6th over - 2 runs, 2 hits, 0 errors, 1 left on base; Toledo 2 - Panama City 9
TOP OF THE 7TH
Toledo Stingers batting - Pitching for Panama City Piranhas : RHP Dylan Grandjean
Pitching: RHP Barney Starr
Batting: RHB Dean Bush 0-0: Ball
1-0: Ball
2-0: Swinging Strike
2-1: Ground out 5-3 (Groundball, 56S, EV 72.5 MPH)
Batting: LHB Lester Threlfall 0-0: Ball
1-0: Fly out, F7 (Flyball, 78M, EV 84.4 MPH)
Batting: LHB Matt Dunlap 0-0: Ball
1-0: Ball
2-0: Called Strike
2-1: Foul Ball, location: 2F
2-2: Foul Ball, location: 2F
2-2: Hit by Pitch
Pinch Runner at 1st Jesús Morán:
Batting: RHB Baldomero Avino 0-0: Called Strike
0-1: Ball
1-1: Ball
2-1: Ground out 4-3 (Groundball, 4, EV 77.5 MPH)
Top of the 7th over - 0 runs, 0 hits, 0 errors, 1 left on base; Toledo 2 - Panama City 9
BOTTOM OF THE 7TH
Panama City Piranhas batting - Pitching for Toledo Stingers : RHP Stu Riley
Now in LF: Jesús Morán
Batting: RHB Blaze Alexander 0-0: Ground out 6-3 (Groundball, 56, EV 105.6 MPH)
Batting: RHB Carsello Scruggins 0-0: Ball
1-0: Called Strike
1-1: Ball
2-1: Ball
3-1: Base on Balls
Batting: LHB Ji-e Loh 0-0: Fly out, F9 (Flyball, 9LMF, EV 90.6 MPH)
Batting: RHB Silvian Burger 0-0: Ball
1-0: Fly out, F9 (Flyball, 89M, EV 79.4 MPH)
Bottom of the 7th over - 0 runs, 0 hits, 0 errors, 1 left on base; Toledo 2 - Panama City 9
TOP OF THE 8TH
Toledo Stingers batting - Pitching for Panama City Piranhas : RHP Barney Starr
Batting: LHB Pedro Serano 0-0: Fly out, F8 (Flyball, 8LD, EV 88.8 MPH)
Batting: SHB Adam Clements 0-0: Called Strike
0-1: Ball
1-1: Reached on error, E2 (Groundball, 2L, EV 72.5 MPH)
Batting: RHB Anselmo Berneu 0-0: Ball
1-0: Ball
2-0: Ball
3-0: Base on Balls
Batting: RHB Jesse Garrett 0-0: Foul Ball, location: 2F
0-1: Ball
1-1: Foul Ball, location: 2F
1-2: Foul Ball, location: 2F
1-2: Ball
2-2: Ball
3-2: Foul Ball, location: 2F
3-2: Strikes out looking
Batting: LHB Snow Wang 0-0: Ball
1-0: Foul Ball, location: 2F
1-1: Ball
2-1: Ball
3-1: Foul Ball, location: 2F
3-2: Base on Balls
Adam Clements to third
Anselmo Berneu to second
Batting: RHB Dean Bush 0-0: Swinging Strike
0-1: Swinging Strike
0-2: Strikes out swinging
Top of the 8th over - 0 runs, 0 hits, 1 error, 3 left on base; Toledo 2 - Panama City 9
BOTTOM OF THE 8TH
Panama City Piranhas batting - Pitching for Toledo Stingers : RHP Stu Riley
Batting: LHB Hugh Hill 0-0: Called Strike
0-1: Ball
1-1: Foul Ball, location: 2F
1-2: Ball
2-2: Fly out, F7 (Flyball, 7LS, EV 90.0 MPH)
Batting: RHB Luke Thornton 0-0: Ball
1-0: Called Strike
1-1: Called Strike
1-2: Ball
2-2: Foul Ball, location: 2F
2-2: Ball
3-2: Foul Ball, location: 2F
3-2: Strikes out swinging
Batting: RHB Hyeon-cheong Kim 0-0: Ball
1-0: Ball
2-0: Called Strike
2-1: Ball
3-1: Called Strike
3-2: SINGLE (Groundball, 3D, EV 106.2 MPH)
Batting: LHB Oasiz Wiesblatt 0-0: Ball
1-0: Ball
2-0: Called Strike
2-1: Ball
3-1: Base on Balls
Hyeon-cheong Kim to second
Batting: RHB Cleveland Kraut 0-0: Reached via error on a dropped throw from SS, E4 (Groundball, 6, EV 100.0 MPH)
Hyeon-cheong Kim to third
Oasiz Wiesblatt to second
Batting: RHB Blaze Alexander 0-0: Ball
1-0: Called Strike
1-1: Fielders Choice at 2nd, 5-4 (Groundball, 56, EV 101.2 MPH)
Bottom of the 8th over - 0 runs, 1 hit, 1 error, 3 left on base; Toledo 2 - Panama City 9
TOP OF THE 9TH
Toledo Stingers batting - Pitching for Panama City Piranhas : RHP Barney Starr
Batting: LHB Lester Threlfall 0-0: Ball
1-0: Ball
2-0: Ground out 4-3 (Groundball, 4M, EV 90.6 MPH)
Pinch Hitting: LHB Joe Clark 0-0: Called Strike
0-1: Ball
1-1: Called Strike
1-2: Ball
2-2: Ball
3-2: Base on Balls
Batting: RHB Baldomero Avino 0-0: Called Strike
0-1: Ball
1-1: Ball
2-1: Ball
3-1: Base on Balls
Joe Clark to second
Batting: LHB Pedro Serano 0-0: Called Strike
0-1: Called Strike
0-2: Ball
1-2: Ball
2-2: Strikes out swinging
Batting: SHB Adam Clements 0-0: Called Strike
0-1: Ball
1-1: Foul Ball, location: 2F
1-2: Ground out U3 (Groundball, 3, EV 106.2 MPH)
Top of the 9th over - 0 runs, 0 hits, 0 errors, 2 left on base; Toledo 2 - Panama City 9
Friday, March 26th, 2021 - OOTP Baseball 20.8 Build 74